 Dungeon Crawl Stone Soup version 0.18.1-50-g88ac8fd (webtiles) character file.

8990 magog001 the Blocker (level 11, 0/130 HPs)
             Began as a Minotaur Fighter on June 27, 2018.
             Slain by a yak (5 damage)
             ... on level 9 of the Dungeon.
             The game lasted 00:41:59 (8652 turns).

magog001 the Blocker (Minotaur Fighter)             Turns: 8652, Time: 00:42:00

Health: 0/130      AC: 19    Str: 30    XL:     11   Next: 17%
Magic:  19/19      EV:  9    Int:  5    God:
Gold:   595        SH: 13    Dex: 14    Spells: 0 memorised, 10 levels left

rFire  . . .     SeeInvis .     a - +2 war axe
rCold  . . .     Gourm    +     s - +0 chain mail
rNeg   . . .     Faith    .     c - +0 shield
rPois  .         Spirit   .     G - +2 hat
rElec  .         Dismiss  .     p - +1 cloak
rCorr  .         Reflect  .     w - +2 pair of gloves
SustAt .         Harm     .     (no boots)
MR     .....                    g - amulet of the gourmand
Stlth  ..........               d - ring of magical power
                                b - +5 ring of dexterity

@: berserking, very quick, not resistant to hostile enchantments, extremely
unstealthy
A: retaliatory headbutt, horns 2, clumsy 1, deterioration 1, frail 1, strong 1
a: no special abilities


You were on level 9 of the Dungeon.
You were not hungry.

You visited 2 branches of the dungeon, and saw 10 of its levels.
You also visited: Ossuary.

You collected 595 gold pieces.

Inventory:

Hand Weapons
 a - a +2 war axe (weapon)
Missiles
 n - 7 javelins of returning (quivered)
 v - 19 tomahawks
 B - 62 poisoned needles
Armour
 c - a +0 shield (worn)
 p - a +1 cloak (worn)
 s - a +0 chain mail (worn)
 w - a +2 pair of gloves (worn)
 G - a +2 hat (worn)
Jewellery
 b - a +5 ring of dexterity (left hand)
 d - a ring of magical power (right hand)
 g - an amulet of the gourmand (around neck)
Wands
 j - a wand of hasting (5/9)
 q - a wand of iceblast (15/15)
 H - a wand of random effects (34/48)
 K - a wand of flame (29/48)
Scrolls
 h - 2 scrolls of identify
 l - a scroll of fear
 t - 4 scrolls of remove curse
 y - a scroll of blinking
 J - a scroll of amnesia
Potions
 e - 2 potions of ambrosia {unknown}
 i - 2 potions of flight {unknown}
 k - a potion of magic {unknown}
 o - a potion of cancellation {unknown}
 r - 3 potions of curing {unknown}
 u - 3 potions of haste {unknown}
 C - 3 potions of brilliance {unknown}
 E - 2 potions of mutation {unknown}
Miscellaneous
 D - an ornate deck of war {drawn: 5}
Comestibles
 f - 7 bread rations
 x - a meat ration
 z - 3 beef jerkies
 L - a royal jelly


   Skills:
 * Level 9.1 Fighting
 * Level 10.6 Axes
 * Level 5.6 Throwing
 * Level 10.6 Armour
 - Level 2.1 Dodging
 - Level 0.3 Stealth
 * Level 10.8 Shields


You had 10 spell levels left.
You didn't know any spells.

Dungeon Overview and Level Annotations

Branches:
Dungeon (9/15)             Temple (1/1) D:7
   Lair: D:8-11         Orc: D:9-12

Altars:
Ashenzari
Cheibriados
Dithmenos
Elyvilon
Fedhas
Gozag
Kikubaaqudgha
Makhleb
Okawaru
Pakellas
Qazlal
Ru
Sif Muna
Trog
Vehumet
Xom
Yredelemnul
Zin
The Shining One

Shops:
D:6 (   D:8 (


Innate Abilities, Weirdness & Mutations

You reflexively headbutt those who attack you in melee.
You have a pair of horns on your head.
You are clumsy. (Dex -2)
Your body sometimes deteriorates upon taking damage.
You are frail (-10% HP).
Your muscles are strong. (Str +2)


Message History

The yak is severely wounded.
You slice the yak!!
You kill the yak!
You slash the crocodile! You headbutt the crocodile!
You kill the crocodile!
The yak gores you!
* * * LOW HITPOINT WARNING * * *
Items here: ††††† a crocodile corpse x2; a yak corpse; a basilisk corpse; a porcupine corpse You closely miss the yak.
Your headbutt misses the yak. You hit the yak. You headbutt the yak!!
The yak is almost dead.
The yak barely misses you.
You slash the yak!
You kill the yak!
You block the yak's attack.
You see here a yak corpse.
Your chain mail prevents you from hitting the yak.
Your headbutt misses the yak. The yak gores you.
You die...

###+######.....# #.##.
...........# #.##.
............# #.##.
.............# #.##.
.............#####.##. .
.........(..#.##. ...
........# #.##.
.....#######....####....
....tYY@†.†.............
.....r######........###.
..... ............+ .
.... ...#####.....# ...
#.# #.##### .. # #+# .


You could see 2 yaks, a crocodile and a porcupine.

Vanquished Creatures
  Gastronok (D:8)
  Pikel (D:4)
  Grinder (D:4)
  A two-headed ogre (D:8)
  Sigmund (D:2)
  9 yaks (D:9)
  Grum (D:8)
  A basilisk (D:9)
  A water moccasin (D:7)
  Menkaure (D:4)
  2 porcupines (D:9)
  2 sky beasts (D:8)
  3 ogres
  A black bear (D:8)
  An ice beast (D:7)
  A phantom (D:5)
  3 wolves (D:8)
  4 centaurs
  3 crocodiles (D:9)
  4 big kobolds
  5 giant frogs
  A gnoll sergeant (D:6)
  3 scorpions
  A water moccasin skeleton (D:7)
  5 wights (D:8)
  A howler monkey (D:7)
  A giant frog zombie (D:7)
  5 crimson imps
  4 centaur zombies
  4 orc priests
  5 hounds
  Crazy Yiuf (D:2)
  3 orc wizards (D:4)
  Jessica (D:2)
  6 worker ants
  Natasha (thrice) (D:2 D:3)
  4 iguanas
  3 big kobold zombies (Ossuary)
  A hound zombie (D:7)
  6 mummies (Ossuary)
  A howler monkey skeleton (D:6)
  A howler monkey zombie (D:5)
  10 adders
  9 gnolls
  A river rat (D:9)
  2 shadow imps
  5 oozes
  2 adder skeletons (D:5)
  2 worms
  4 dart slugs
  8 giant geckos
  27 orcs
  2 ball pythons
  7 bats
  8 giant cockroaches
  9 goblins
  13 hobgoblins
  15 jackals
  26 kobolds
  2 quokkas
  5 giant newts
  3 hobgoblin zombies (Ossuary)
  A quokka skeleton (D:4)
  7 rats
275 creatures vanquished.

Vanquished Creatures (collateral kills)
  Erolcha (D:8)
  A river rat (D:9)
2 creatures vanquished.

Vanquished Creatures (others)
  A giant cockroach (D:4)
  A ball python (D:3)
  A fungus (D:9)
  2 plants (D:9)
5 creatures vanquished.

Grand Total: 282 creatures vanquished

Notes
Turn   | Place    | Note
--------------------------------------------------------------
     0 | D:1      | magog001 the Minotaur Fighter began the quest for the Orb.
     0 | D:1      | Reached XP level 1. HP: 19/19 MP: 0/0
     1 | D:1      | Found a runed door.
    12 | D:1      | Reached XP level 2. HP: 26/27 MP: 1/1
    44 | D:1      | Reached XP level 3. HP: 27/33 MP: 2/2
   485 | D:2      | Noticed Jessica
   494 | D:2      | Killed Jessica
   494 | D:2      | Reached skill level 1 in Dodging
   494 | D:2      | Reached XP level 4. HP: 36/41 MP: 3/3
   627 | D:2      | Noticed Natasha
   636 | D:2      | Killed Natasha
   686 | D:2      | Noticed Sigmund
   708 | D:2      | Killed Sigmund
   708 | D:2      | Reached skill level 5 in Shields
   708 | D:2      | Reached XP level 5. HP: 43/47 MP: 4/4
   708 | D:2      | Reached XP level 6. HP: 51/55 MP: 5/5
   746 | D:2      | Found a white marble altar of Elyvilon.
  1081 | D:2      | Noticed Crazy Yiuf
  1089 | D:2      | Killed Crazy Yiuf
  1355 | D:2      | Reached skill level 5 in Armour
  1765 | D:3      | Reached skill level 1 in Throwing
  1890 | D:3      | Found a stormy altar of Qazlal.
  2119 | D:3      | Reached skill level 5 in Fighting
  2266 | D:3      | Noticed Natasha
  2269 | D:3      | Killed Natasha
  2322 | D:3      | Noticed Natasha
  2332 | D:3      | Killed Natasha
  2398 | D:3      | Found an oddly glowing altar of Pakellas.
  2405 | D:3      | Found a shimmering altar of Xom.
  2405 | D:3      | Found a radiant altar of Vehumet.
  2407 | D:3      | Found an ancient bone altar of Kikubaaqudgha.
  2410 | D:3      | Found an opulent altar of Gozag.
  2582 | D:4      | Reached XP level 7. HP: 56/61 MP: 6/6
  2642 | D:4      | Noticed Menkaure
  2649 | D:4      | Killed Menkaure
  2649 | D:4      | Reached skill level 5 in Axes
  2814 | D:4      | Found a shattered altar of Ashenzari.
  3062 | D:4      | Noticed Grinder
  3075 | D:4      | Paralysed by Grinder for 4 turns
  3079 | D:4      | Killed Grinder
  3079 | D:4      | Reached XP level 8. HP: 44/69 MP: 7/7
  3092 | D:4      | Noticed Pikel
  3113 | D:4      | Killed Pikel
  3522 | D:5      | Entered Level 5 of the Dungeon
  3758 | D:5      | Found a glowing silver altar of Zin.
  4155 | D:5      | Reached XP level 9. HP: 78/78 MP: 8/8
  5038 | D:6      | Found a blossoming altar of Fedhas.
  5178 | D:6      | Found a bloodstained altar of Trog.
  5178 | D:6      | Found an iron altar of Okawaru.
  5318 | D:6      | You fall through a shaft for 3 floors!
  5468 | D:8      | Noticed Grum
  5469 | D:8      | Found Gus Nac's Weapon Shop.
  5486 | D:8      | Killed Grum
  5579 | D:8      | Gained mutation: Your body sometimes deteriorates upon taking damage. [mutagenic meat]
  5580 | D:8      | Gained mutation: Your muscles are strong. (Str +2) [mutagenic meat]
  5581 | D:8      | Gained mutation: You are clumsy. (Dex -2) [mutagenic meat]
  5582 | D:8      | Gained mutation: You are frail (-10% HP). [mutagenic meat]
  5792 | D:8      | Found a sand-covered staircase.
  5800 | Ossuary  | Entered an ossuary
  5902 | Ossuary  | Reached XP level 10. HP: 77/77 MP: 9/9
  6305 | D:8      | Noticed Gastronok
  6327 | D:8      | Killed Gastronok
  6327 | D:8      | Reached skill level 10 in Shields
  6620 | D:7      | Found a basalt altar of Yredelemnul.
  6753 | D:7      | Found a staircase to the Ecumenical Temple.
  6759 | Temple   | Entered the Ecumenical Temple
  7105 | D:6      | Reached skill level 10 in Axes
  7105 | D:6      | Reached skill level 5 in Throwing
  7165 | D:6      | Found Racwerho's Antique Weapon Emporium.
  7863 | D:8      | Noticed Erolcha
  7877 | D:8      | HP: 4/81 [poisoned by Erolcha (bolt of poison)]
  7881 | D:8      | Killed Erolcha
  7881 | D:8      | Reached skill level 10 in Armour
  8602 | D:9      | Reached XP level 11. HP: 37/85 MP: 10/10
  8647 | D:9      | HP: 4/130 [yak (7)]
  8652 | D:9      | Slain by a yak

Skill      XL: |  1  2  3  4  5  6  7  8  9 10 11 |
---------------+----------------------------------+-----
Armour         | 4 5 6 8 9 10 | 10.6
Shields        | 4 5 6 7 9 10 | 10.8
Fighting       | 4 5 6 7 8 9 |  9.1
Dodging        | 1 2 |  2.1
Axes           | 4 6 7 8 10 | 10.6
Throwing       | 1 2 3 4 5 |  5.6
Stealth        | |  0.3

Action                   |  1- 3 |  4- 6 |  7- 9 | 10-12 || total
-------------------------+-------+-------+-------+-------++-------
Melee: War axe           |    90 |   163 |   371 |   212 ||   836
       Headbutt          |    20 |    27 |    79 |    53 ||   179
Throw: Javelin           |       |       |     9 |     8 ||    17
Evoke: Deck              |       |       |       |     5 ||     5
  Use: Potion            |       |     2 |     2 |     3 ||     7
       Scroll            |       |       |    13 |     6 ||    19
  Eat: Chunk             |       |    12 |    15 |     7 ||    34
       Beef jerky        |       |     1 |       |       ||     1
Armor: Scale mail        |    26 |    25 |       |       ||    51
       Chain mail        |       |    45 |   215 |    89 ||   349
Dodge: Dodged            |    17 |    45 |   113 |    37 ||   212
Block: Shield            |    59 |    88 |   237 |   112 ||   496
